 Dungeon Crawl Stone Soup version 0.20.1-1-g8b1a95d (webtiles) character file.

320 KleinerIrrer the Changer (level 6, -4/34 HPs)
             Began as an Octopode Transmuter on July 3, 2017.
             Slain by a hound (6 damage)
             ... on level 4 of the Dungeon.
             The game lasted 00:14:32 (5077 turns).

KleinerIrrer the Changer (Octopode Transmuter)      Turns: 5077, Time: 00:14:33

Health: -4/34      AC:  1    Str: 14    XL:     6   Next: 46%
Magic:  6/10       EV: 14    Int: 16    God:
Gold:   130        SH:  0    Dex: 16    Spells: 4/11 levels left

rFire    . . .     SeeInvis .     - Unarmed
rCold    . . .     Gourm    .   (no shield)
rNeg     . . .     Faith    .   (helmet restricted)
rPois    .         Spirit   .   (no amulet)
rElec    .         Reflect  .   (no ring)
rCorr    .         Harm     .   (no ring)
MR       .....                  (no ring)
Stlth    ++........             (no ring)
Regen    0.2/turn               (no ring)
MPRegen  0.2/turn               (no ring)
                                (no ring)
                                (no ring)

@: mighty, lethally poisoned (-4 -> -5), appendage
A: almost no armour, stealthy swim, amphibious, 8 rings, constrict 8, tentacle
spike 3, camouflage 1, agile 1, frail 1, gelatinous body 1
a: End Transformation


You were on level 4 of the Dungeon.
You were not hungry.
One of your tentacles had a temporary spike.
You visited 1 branch of the dungeon, and saw 4 of its levels.

You collected 130 gold pieces.

Inventory:

Missiles
 a - 73 arrows
Scrolls
 h - 5 scrolls of remove curse
Potions
 e - a potion of might
 i - a potion of lignification {unknown}
 j - a potion of heal wounds {unknown}
Books
 b - a book of Changes

   Spells                             Type                      Level
   a - Beastly Appendage              Transmutation                1
   b - Sticks to Snakes               Transmutation                2
   c - Spider Form                    Transmutation/Poison         3
   d - Ice Form                       Ice/Transmutation            4
   e - Blade Hands                    Transmutation                5
 d - a book of Callings

   Spells                             Type                      Level
   a - Summon Small Mammal            Summoning                    1
   b - Call Imp                       Summoning                    2
   c - Call Canine Familiar           Summoning                    3
   d - Summon Guardian Golem          Hexes/Summoning              3
   e - Summon Lightning Spire         Summoning/Air                4
   f - Summon Ice Beast               Ice/Summoning                4
Comestibles
 c - a bread ration
 f - 8 chunks of flesh
 g - a meat ration
 k - a fruit


   Skills:
 - Level 1.1 Fighting
 - Level 2.1 Dodging
 - Level 3.6 Unarmed Combat
 * Level 3.0 Spellcasting
 * Level 1.4 Summonings
 - Level 5.0 Transmutations
 * Level 1.5 Ice Magic


You had 4 spell levels left.
You knew the following spells:

 Your Spells              Type           Power        Failure   Level  Hunger
a - Beastly Appendage     Tmut           ###...       2%          1    #......
b - Sticks to Snakes      Tmut           ###.....     3%          2    ##.....
c - Summon Ice Beast      Ice/Summ       #.......     71%         4    #####..


Dungeon Overview and Level Annotations

Branches:
Dungeon (4/15)
 Temple: D:4-7

Altars:
Uskayaw

Annotations:
D:2 Sigmund
D:3 Ragecrab's ghost, amateur DsAK


Innate Abilities, Weirdness & Mutations

You cannot wear most types of armour.
You are very stealthy in the water. (Stealth+)
You are amphibious.
You can wear up to eight rings at the same time.
You can use your tentacles to constrict eight enemies at once.
Your skin changes colour to match your surroundings (Stealth+).
Your rubbery body absorbs attacks. (AC +1, EV +1)
One of your tentacles bears a large vicious spike.
You are agile. (Dex +2)
You are frail. (-10% HP)


Message History

The hound bites you.
* * * LOW HITPOINT WARNING * * *
Casting: Sticks to Snakes
Confirm with . or Enter, or press ? or * to list all spells.
One of your tentacles grows a vicious spike.
The hound barely misses you. The hound bites you.
* * * LOW HITPOINT WARNING * * *
It was a potion of might.
You feel very mighty all of a sudden. The hound misses you.
You tentacle-slap the hound. You grab the hound.
You pierce the hound.
The hound is severely wounded.
You constrict the hound, but do no damage.
The hound misses you.
You barely miss the hound.
The hound is severely wounded.
You constrict the hound.
You feel sick. The hound bites you.
* * * LOW HITPOINT WARNING * * *
The hound bites you.
You die...

###..................>
.......###.##.#####..#
# #.###### #.##...#
..##.. ..## #
####.###...... ...#
#..#...# .#...#
..####...#.##.# .###.#
#.............# ## ...
#####†#.##.#.## #.#
#.@.# .# ..# #h.?# #
.. #.......# #.......#
........'. .^......['.
.........##.
..#......?.#
#.##.##....##


You could see a hound.

Vanquished Creatures
  An iguana (D:3)
  Ijyb (D:3)
  Natasha (thrice) (D:2)
  An adder (D:2)
  An ooze (D:1)
  A worm (D:4)
  4 bats
  4 giant cockroaches
  16 goblins
  12 hobgoblins
  4 jackals
  5 frilled lizards
  7 kobolds
  8 rats
68 creatures vanquished.

Vanquished Creatures (collateral kills)
  An ogre (D:4)
  An iguana (D:4)
  A worker ant (D:4)
  Robin (D:2)
  3 orcs (D:4)
  A goblin (D:3)
8 creatures vanquished.

Grand Total: 76 creatures vanquished

Notes
Turn   | Place    | Note
-------+----------+-------------------------------------------
     0 | D:1      | KleinerIrrer the Octopode Transmuter began the quest for the Orb.
     0 | D:1      | Reached XP level 1. HP: 13/13 MP: 3/3
   391 | D:1      | Reached XP level 2. HP: 18/18 MP: 3/5
   398 | D:1      | Learned a level 2 spell: Sticks to Snakes
   919 | D:1      | Reached XP level 3. HP: 22/23 MP: 4/6
  1545 | D:2      | Noticed Robin
  1797 | D:2      | Killed Robin
  1797 | D:2      | Reached skill level 3 in Transmutations
  1800 | D:2      | Reached XP level 4. HP: 9/28 MP: 4/7
  2533 | D:2      | Noticed Natasha
  2540 | D:2      | Killed Natasha
  2540 | D:2      | Reached skill level 4 in Transmutations
  2612 | D:2      | Noticed Sigmund
  3157 | D:2      | Noticed Natasha
  3215 | D:3      | Noticed Ragecrab's ghost (amateur DsAK)
  3507 | D:2      | Killed Natasha
  3507 | D:2      | Reached XP level 5. HP: 33/33 MP: 2/8
  3605 | D:2      | Noticed Natasha
  3613 | D:2      | Killed Natasha
  3880 | D:3      | Gained mutation: You are frail. (-10% HP) [potion of mutation]
  3880 | D:3      | Gained mutation: You are agile. (Dex +2) [potion of mutation]
  3891 | D:3      | HP: 1/29 [goblin/dagger (6)]
  4211 | D:3      | Reached skill level 5 in Transmutations
  4383 | D:3      | Learned a level 4 spell: Summon Ice Beast
  4400 | D:3      | Noticed Ijyb
  4451 | D:3      | Killed Ijyb
  4779 | D:3      | Found a hide-covered altar of Uskayaw.
  4876 | D:4      | Noticed an ogre
  4882 | D:4      | Killed an ogre
  4882 | D:4      | Reached skill level 1 in Summonings
  4882 | D:4      | Reached skill level 1 in Ice Magic
  4882 | D:4      | Reached XP level 6. HP: 34/34 MP: 2/10
  5077 | D:4      | Slain by a hound

Skill      XL: |  1  2  3  4  5  6 |
---------------+-------------------+-----
Transmutations | 3 4 5 |  5.0
Summonings     | 1 |  1.4
Ice Magic      | 1 |  1.5
Spellcasting   | 3 |  3.0
Fighting       | |  1.1
Dodging        | |  2.1
Unarmed Combat | |  3.6

Action                   |  1- 3 |  4- 6 || total
-------------------------+-------+-------++-------
Melee: Unarmed           |    74 |   103 ||   177
       Constrict         |    20 |    23 ||    43
       Kick              |    17 |    24 ||    41
       Punch             |     2 |     6 ||     8
       Tentacles         |    10 |    18 ||    28
 Cast: Beastly Appendage |    22 |    21 ||    43
       Sticks to Snakes  |     2 |    26 ||    28
  Use: Scroll            |       |     6 ||     6
       Potion            |       |     4 ||     4
 Stab: Sleeping          |     5 |     5 ||    10
       Distracted        |       |     1 ||     1
  Eat: Chunk             |     3 |     5 ||     8
       Bread ration      |       |     2 ||     2
Armor: Skin              |     7 |     6 ||    13
Dodge: Dodged            |    33 |    78 ||   111
